 Dungeon Crawl Stone Soup version 0.28-a0-1555-g9ae15a6949 (webtiles) character file.

Game seed: 10466786998003349465

1981 wilfster70 the Summoner (level 9, -5/34 HPs)
             Began as a Felid Summoner on Jan 18, 2022.
             Was an Initiate of Gozag.
             Slain by a catoblepas (15 damage)
             ... while petrified by a catoblepas
             ... on level 8 of the Dungeon.
             The game lasted 00:43:06 (9359 turns).

wilfster70 the Summoner (Felid Summoner)            Turns: 9359, Time: 00:43:06

Health: -5/34      AC:  2    Str:  4    XL:     9   Next: 1%
Magic:  6/15       EV:  4    Int: 21    God:    Gozag
Gold:   513        SH:  0    Dex: 16    Spells: 6/15 levels left
                                        Lives:  0   Deaths: 2

rFire   . . .      SeeInvis +     - Unarmed
rCold   . . .      Faith    .   (shield unavailable)
rNeg    + + +      Spirit   .   (armour unavailable)
rPois   ∞          Reflect  .   (helmet unavailable)
rElec   .          Harm     .   (cloak unavailable)
rCorr   .          Rampage  .   (gloves unavailable)
Will    +....                   (boots unavailable)
Stlth   ++........              d - amulet of the acrobat
HPRegen 0.11/turn               n - ring of poison resistance
MPRegen 0.14/turn               (no ring)

@: petrified, quick
A: very small, claws 1, fangs 3, see invisible, speed 1, shaggy fur 2, stealthy
paws, no weapons or thrown items, no armour, multi-lived
a: Renounce Religion, Potion Petition, Call Merchant, Bribe Branch


You were on level 8 of the Dungeon.
You worshipped Gozag.
Gozag was pleased with you.
You visited 2 branches of the dungeon, and saw 10 of its levels.

You collected 602 gold pieces.
You paid 89 gold pieces to Gozag.

Inventory:

Jewellery
 d - an amulet of the acrobat (around neck)
 f - a ring of fire
 g - a ring of fire
 n - a ring of poison resistance (left paw)
Wands
 l - a wand of paralysis (17)
 p - a wand of iceblast (8)
 s - a wand of polymorph (6)
Potions
 a - a potion of invisibility {unknown}
 b - 2 potions of flight
 c - 2 potions of haste
 e - 2 potions of curing
 h - a potion of mutation
 i - 2 potions of berserk rage
 j - 2 potions of degeneration {unknown}
 k - 2 potions of magic
 m - 2 potions of lignification
 o - a potion of ambrosia {unknown}
 q - a potion of might {unknown}


   Skills:
 - Level 2.6 Dodging
 - Level 2.6 Stealth
 + Level 4.5 Unarmed Combat
 - Level 3.8 Spellcasting
 - Level 5.0 Hexes
 - Level 11.0 Summonings
 - Level 5.0 Air Magic


You had 6 spell levels left.
You knew the following spells:

 Your Spells              Type           Power      Damage    Failure   Level
b - Call Imp              Summ           50%        N/A       1%          2
c - Call Canine Familiar  Summ           50%        N/A       1%          3
e - Summon Lightning Spi  Summ/Air       37%        N/A       4%          4

Your spell library contained the following spells:

 Spells                   Type           Power      Damage    Failure   Level
 Summon Small Mammal      Summ           100%       N/A       1%          1
 Summon Guardian Golem    Hex/Summ       37%        N/A       1%          3
 Tukima's Dance           Hex            25%        N/A       4%          3
 Animate Skeleton         Necr           8%         N/A       12%         1
 Freeze                   Ice            16%        1d4       12%         1
 Magic Dart               Conj           16%        1d3       12%         1
 Pain                     Necr           16%        1d4       12%         1
 Dazzling Flash           Conj/Hex       28%        N/A       13%         3
 Cause Fear               Hex            12%        N/A       16%         4
 Passwall                 Tmut/Erth      3%         N/A       19%         2
 Searing Ray              Conj           8%         2d4       19%         2
 Sublimation of Blood     Necr           4%         N/A       19%         2
 Frozen Ramparts          Ice            8%         1d2       36%         3
 Vampiric Draining        Necr           4%         2d6       36%         3
 Anguish                  Hex/Necr       7%         N/A       41%         4
 Fulminant Prism          Conj/Hex       7%         3d7       41%         4
 Silence                  Hex/Air        12%        N/A       41%         5
 Hailstorm                Conj/Ice       4%         3d4       77%         4
 Petrify                  Tmut/Erth      4%         N/A       77%         4
 Metabolic Englaciation   Hex/Ice        7%         N/A       77%         5
 Agony                    Necr           4%         N/A       98%         5
 Irradiate                Conj/Tmut      2%         3d14      98%         5
 Statue Form              Tmut/Erth      2%         N/A       100%        6
 Dragon Form              Tmut           2%         N/A       100%        7
 Enfeeble                 Hex            12%        N/A       100%        7
 Dragon's Call            Summ           25%        N/A       100%        9


Dungeon Overview and Level Annotations

Branches:
Dungeon (9/15)             Temple (1/1) D:6
   Lair: D:8-11         Orc: D:9-12

Altars:
Ashenzari
Cheibriados
Dithmenos
Elyvilon
Fedhas
Gozag
Kikubaaqudgha
Nemelex Xobeh
Okawaru
Qazlal
Ru
Uskayaw
Zin
The Shining One

Shops:
D:4 (

Annotations:
D:2 exclusion: downstairs
D:3 2 transporters
D:8 Pikel


Innate Abilities, Weirdness & Mutations

You have sharp claws.
You have razor-sharp teeth.
You have supernaturally acute eyesight. (SInv)
You cover ground quickly. (Speed+)
You are covered in thick fur. (AC +2)
Your paws help you pounce on unaware monsters.
You are incapable of wielding weapons or throwing items.
You cannot wear armour.
You gain extra lives every three experience levels.


Message History

Your lightning spire is destroyed!
Your lightning spire disappears in a puff of smoke!
Casting: Summon Lightning Spire (quite dangerous; 4% risk of failure)
Confirm with . or Enter, or press ? or * to list all spells.
The spell is quite dangerous to miscast (4% risk of failure)!
Continue anyway?
An electric hum fills the air.
The catoblepas bellows!
A lemure comes into view.
Casting: Summon Lightning Spire (quite dangerous; 4% risk of failure)
Confirm with . or Enter, or press ? or * to list all spells.
The spell is quite dangerous to miscast (4% risk of failure)!
Continue anyway?
An electric hum fills the air.
The lemure shouts!
Your lightning spire disappears in a puff of smoke!
Pikel, Merchant of Souls comes into view.
He is wielding a +0 whip of freezing and carrying a wand of acid (8).
The catoblepas breathes a plume of calcifying dust at you.
The blast of calcifying dust hits you.
You see here a +0 morningstar.
The catoblepas breathes a plume of calcifying dust at you.
The blast of calcifying dust hits you!
You see here a +0 morningstar.
Pikel waves his whip at you.
Pikel is engulfed in calcifying dust.
Pikel is moving more slowly.
The catoblepas breathes a plume of calcifying dust at you.
The blast of calcifying dust hits you.
* * * LOW HITPOINT WARNING * * *
There is an open door here.
You are engulfed in calcifying dust.
You are slowing down.
Your limbs are stiffening.
You have turned to stone.
The lemure is engulfed in calcifying dust.
The lemure stops moving altogether!
The lemure is engulfed in calcifying dust. x2
A lemure comes into view.
The catoblepas barely misses you.
The lemure shouts!
The catoblepas gores you!!
You die...
Your body crumbles into a pile of gold.

#....)...# #...####.##.#
##........#####.K5####..#.#
..........##...)5....##.#.#
..........##...$.....##.#.#
..........##.........##.#.#
##.........#####'######.#.#
#....)....# #.# #...#
#.....[...# #Y# ##..#
#...§.....# #@#######..#
#########.#####).)....(.>#
#.)Y)§..##########
#######.#...#...#
..#...#.#.#.#.# #
#.#.###.#.#.#.#
#.#.#.#..(.<#.#.#
#.#.#.#.#####.#.#
#.....#.......#.#


You could see a catoblepas, Pikel and 2 lemures.

Vanquished Creatures
  An ufetubus (D:5)
  2 ball pythons
  2 hobgoblins
  A jackal (D:3)
  A quokka (D:4)
  A bat (D:2)
  A frilled lizard (D:3)
  2 rats (D:1)
11 creatures vanquished.

Vanquished Creatures (collateral kills)
  A wraith (D:6)
  An orc warrior (D:8)
  2 sky beasts
  2 centaurs (D:8)
  An ogre (D:6)
  A phantom (D:7)
  2 kobold brigands
  A bullfrog (D:7)
  A scorpion (D:6)
  9 wights (D:7)
  2 centaur zombies
  3 orc priests
  4 hounds
  2 bullfrog skeletons
  A centaur skeleton (D:6)
  Jessica (D:3)
  2 iguanas
  An orc wizard (D:5)
  A hound skeleton (D:5)
  7 gnolls
  8 adders
  3 worms
  A dart slug (D:4)
  32 orcs
  A ball python (D:2)
  6 bats
  6 endoplasms
  4 giant cockroaches
  4 goblins
  8 hobgoblins
  7 jackals
  A quokka (D:4)
  3 frilled lizards (D:1)
  9 kobolds
  2 rats
140 creatures vanquished.

Vanquished Creatures (others)
  Grinder (D:5)
  5 yaks (D:5)
  A black bear (D:5)
  A scorpion (D:4)
  An orc (D:5)
9 creatures vanquished.

Grand Total: 160 creatures vanquished

Notes
Turn   | Place    | Note
-------+----------+-------------------------------------------
     0 | D:1      | wilfster70 the Felid Summoner began the quest for the Orb.
     0 | D:1      | Reached XP level 1. HP: 7/7 MP: 4/4
   345 | D:1      | Reached XP level 2. HP: 11/11 MP: 3/6
   348 | D:1      | Learned a level 2 spell: Call Imp
   933 | D:1      | Found a faded altar of an unknown god.
  1253 | D:2      | Reached XP level 3. HP: 14/14 MP: 5/8
  1257 | D:2      | Learned a level 3 spell: Call Canine Familiar
  1410 | D:2      | Got the Handbook of Moulding and Malediction
  1916 | D:3      | Reached XP level 4. HP: 18/18 MP: 6/9
  2100 | D:2      | Reached skill level 5 in Summonings
  2328 | D:3      | Slain by a gnoll
  2329 | D:3      | Reached XP level 3. HP: -1/14 MP: 8/8
  2331 | D:3      | Found a transporter.
  2446 | D:3      | Identified the +10 trident of the Doomed Warrior {elec, rF+
                  | rC+}
  2460 | D:3      | Found a transporter.
  2644 | D:3      | Reached XP level 4. HP: 18/18 MP: 1/10
  2818 | D:3      | Learned a level 3 spell: Summon Guardian Golem
  2822 | D:3      | Noticed Jessica
  2850 | D:3      | Killed Jessica
  2851 | D:3      | Reached skill level 1 in Hexes
  2851 | D:3      | Reached XP level 5. HP: 21/21 MP: 7/11
  2920 | D:3      | Found an ancient bone altar of Kikubaaqudgha.
  3910 | D:4      | Reached skill level 6 in Summonings
  3910 | D:4      | Gained mutation: You are covered in thick fur. (AC +2)
                  | [Felid growth]
  3910 | D:4      | Reached XP level 6. HP: 24/24 MP: 6/12
  4260 | D:4      | Identified the +2 leather armour of Fortitude {rC+ Slay+2
                  | Stlth+}
  4439 | D:4      | Found Qiotz's Antique Weapon Shop.
  5140 | D:5      | Entered Level 5 of the Dungeon
  5341 | D:5      | Noticed Grinder
  5397 | D:5      | Killed Grinder
  5398 | D:5      | Reached skill level 5 in Hexes
  5398 | D:5      | Reached skill level 7 in Summonings
  5398 | D:5      | Reached XP level 7. HP: 27/27 MP: 9/13
  5403 | D:5      | Learned a level 4 spell: Summon Lightning Spire
  5500 | D:5      | Noticed a yak
  5502 | D:5      | Noticed a yak
  5539 | D:5      | Noticed a yak
  5716 | D:5      | Noticed a yak
  5717 | D:5      | Noticed a yak
  5764 | D:5      | Killed a yak
  5765 | D:5      | Reached skill level 1 in Air Magic
  5813 | D:5      | Killed a yak
  5820 | D:5      | Killed a yak
  5821 | D:5      | Reached skill level 8 in Summonings
  5821 | D:5      | Reached XP level 8. HP: 31/31 MP: 11/14
  6520 | D:5      | Reached skill level 9 in Summonings
  6864 | D:6      | Reached skill level 5 in Air Magic
  7397 | D:6      | Found a staircase to the Ecumenical Temple.
  7406 | Temple   | Entered the Ecumenical Temple
  7430 | Temple   | Became a worshipper of Gozag Ym Sagoz the Greedy
  7611 | D:6      | Reached skill level 10 in Summonings
  7611 | D:6      | Reached XP level 9. HP: 34/34 MP: 10/15
  8104 | D:7      | Shot with an arrow by a centaur
  8105 | D:7      | Reached XP level 8. HP: -2/31 MP: 13/14
  8372 | D:7      | Reached skill level 11 in Summonings
  8487 | D:7      | Reached skill level 1 in Unarmed Combat
  8885 | D:8      | Reached XP level 9. HP: 34/34 MP: 7/15
  8948 | D:8      | Noticed a catoblepas
  9004 | D:8      | You fall into a shaft and drop 1 floor!
  9278 | D:9      | Noticed a troll
  9340 | D:8      | Noticed Pikel
  9359 | D:8      | Slain by a catoblepas

Illustrated notes

Levels and vault maps discovered:
D:1:      dpeg_arrival_boxorama, layout_basic,
          dilly_ecumenical_altar_fadedgnrine
D:2:      layout_rooms, hangedman_decor_lopped, st_stairs_6
D:3:      gammafunk_steamed_eel, layout_basic, mainiacjoe_overflow_alcove_1,
          minmay_pentomino_pile, uniq_jessica
D:4:      layout_basic, serial_shops, shop, st_stairs_13
D:5:      layout_loops_ring, uniq_grinder
D:6:      layout_layer_cave, minmay_temple_entry_glass
D:7:      layout_gridville, nrook_mini_backslash
D:8:      layout_basic, chequers_serial_rivers_large_b,
          hangedman_feature_mirror, uniq_pikel, uniq_joseph
D:9:      argonaut_augean_stables, layout_long_grid, minmay_holes,
          minmay_variable_closet
Temple:   grunt_wide_crystal_templ

Skill      XL: |  1  2  3  4  5  6  7  8 |
---------------+-------------------------+-----
Spellcasting   | 3 |  3.8
Summonings     | 5 6 7 8 11 | 11.0
Hexes          | 1 3 5 |  5.0
Air Magic      | 3 5 |  5.0
Unarmed Combat | 4 |  4.5
Dodging        | |  2.6
Stealth        | |  2.6

Action                   |  1- 3 |  4- 6 |  7- 9 || total
-------------------------+-------+-------+-------++-------
Melee: Unarmed           |    25 |    20 |     9 ||    54
       Bite              |     4 |     1 |     2 ||     7
       Punch             |       |     1 |     1 ||     2
 Cast: Summon Small Mamm |    18 |       |       ||    18
       Call Imp          |    10 |     4 |    13 ||    27
       Call Canine Famil |    11 |    21 |    27 ||    59
       Summon Guardian G |       |     6 |    13 ||    19
       Summon Lightning  |       |       |    21 ||    21
  Use: Scroll            |     4 |     8 |     6 ||    18
 Stab: Sleeping          |     2 |       |       ||     2
Armor: Skin              |     3 |     3 |     1 ||     7
Dodge: Dodged            |    52 |    32 |    45 ||   129

Table legend: (Time is in decaauts)
 A = Elapsed time spent in this place.
 B = Non-inter-level travel time spent in this place.
 C = Inter-level travel time spent in this place.
 D = Time resting spent in this place.
 E = Time spent auto-exploring this place.
 F = Levels seen in this place.
 G = Mean time per level.
                   A        B        C        D        E       F      G
               +--------+--------+--------+--------+--------+-----+--------+
         Total |   8196 |   7956 |    240 |   1493 |   2567 |  10 |  819.6 |
       Dungeon |   8166 |   7937 |    229 |   1493 |   2567 |   9 |  907.3 |
        Temple |     30 |     20 |     10 |      0 |      0 |   1 |   30.0 |
               +--------+--------+--------+--------+--------+-----+--------+

Top non-repeatable levels by time:
     D:3: 1573 daAuts
     D:5: 1344 daAuts
     D:4: 1115 daAuts
     D:1: 1064 daAuts
     D:2: 920 daAuts
     D:6: 835 daAuts
     D:7: 698 daAuts
     D:8: 337 daAuts
     D:9: 276 daAuts
  Temple: 30 daAuts
